[Event "Titled Tuesday Blitz March 22 Early 2022"]
[White "Martin Duque, Jesus"]
[Black "Sanchez, Robert"]
[WhiteFideId "2208954"]
[BlackFideId "2034360"]
[WhiteElo "2243"]
[BlackElo "2309"]
[Result "1-0"]
[Round "01"]
[TimeControl "180+1"]
[Date "2022.03.22"]
[WhiteClock "0:02:12"]
[BlackClock "0:02:36"]

1. Nf3 d5 2. b3 c6 3. Bb2 Nf6 4. e3 Nbd7 5. c4 e6 6. Nc3 Be7 7. Qc2 O-O 8. g4 Nc5 9. g5 Nfe4 10. h4 dxc4 11. Nxe4 Nxe4 12. Qxe4 cxb3 13. Bd3 g6 1-0


[Site "https://www.chess.com"]

[Event "Titled Tuesday Blitz March 22 Early 2022"]
[White "Mekhane, Adam"]
[Black "Saldano Dayer, Horacio"]
[WhiteFideId "36050601"]
[BlackFideId "103411"]
[WhiteElo "2002"]
[BlackElo "2419"]
[Result "1-0"]
[Round "01"]
[TimeControl "180+1"]
[Date "2022.03.22"]
[WhiteClock "0:00:04"]
[BlackClock "0:00:02"]

1. e4 e6 2. d4 d5 3. Nc3 Bb4 4. Ne2 Nc6 5. a3 Ba5 6. exd5 exd5 7. g3 Bg4 8. Bg2 Bxc3+ 9. bxc3 Nge7 10. O-O O-O 11. Rb1 Na5 12. h3 Bh5 13. Be3 c6 14. Qd3 Bg6 15. Qd1 Nf5 16. Nf4 Nxe3 17. fxe3 Nc4 18. Qe2 b5 19. Nxg6 hxg6 20. e4 Re8 21. Qf2 Qd7 22. exd5 cxd5 23. Rbe1 a6 24. Re2 Rxe2 25. Qxe2 Re8 26. Qf2 Ne3 27. Re1 Nxg2 28. Rxe8+ Qxe8 29. Qxg2 Qe3+ 30. Kh2 Qxc3 31. Qxd5 Qxc2+ 32. Kh1 Qb1+ 33. Kh2 Qb2+ 34. Kh1 Qxa3 35. Qd8+ Qf8 36. Qc7 b4 37. d5 b3 38. Qb6 Qa8 39. Qxb3 a5 40. Kh2 a4 41. Qa2 a3 42. d6 Qa4 43. d7 Qxd7 44. Qxa3 Kh7 45. Qf3 Qf5 46. Qe3 f6 47. Kg1 g5 48. Kh2 Kg6 49. Kg1 Qb1+ 50. Kh2 Qc2+ 51. Kg1 Kf5 52. Qf3+ Ke5 53. Qe3+ Qe4 54. Qc5+ Qd5 55. Qe3+ Kd6 56. Kh2 Qc4 57. Qd2+ Ke5 58. Qe3+ Qe4 59. Qc5+ Ke6 60. Qb6+ Kf5 61. Qc5+ Kg6 62. Qf2 f5 63. Qb6+ Kh7 64. Qf2 f4 65. gxf4 gxf4 66. Qh4+ Kg6 67. Qg4+ Kf6 68. Qh4+ g5 69. Qh6+ Qg6 70. Qf8+ Qf7 71. Qh6+ Kf5 72. Qc6 Qa2+ 73. Kg1 Qb1+ 74. Kh2 Qe4 75. Qc5+ Qe5 76. Qf8+ Ke4 77. Qb4+ Qd4 78. Qe7+ Kd3 79. Qa3+ Kc2 80. Qa2+ Qb2 81. Qc4+ Kd1+ 82. Kg1 Qb6+ 83. Kg2 Qb7+ 84. Kg1 Qa7+ 85. Kg2 Qb7+ 86. Kg1 Qf3 87. Qd4+ Ke1 88. Qb4+ Ke2 89. Qb2+ Ke3 90. Qc3+ Ke4 91. Qc6+ Ke3 92. Qc3+ Ke2 93. Qc2+ Ke1 94. Qc3+ Kd1 95. Qxf3+ 1-0


[Site "https://www.chess.com"]

[Event "Titled Tuesday Blitz March 22 Early 2022"]
[White "Mikhalsky, Vladimir"]
[Black "Siva Mahadevan"]
[WhiteFideId "14144352"]
[BlackFideId "25043153"]
[WhiteElo "2301"]
[BlackElo "2203"]
[Result "0-1"]
[Round "01"]
[TimeControl "180+1"]
[Date "2022.03.22"]
[WhiteClock "0:00:05"]
[BlackClock "0:00:19"]

1. c4 Nf6 2. Nc3 g6 3. e4 d6 4. d4 Bg7 5. f3 O-O 6. Be3 c5 7. Nge2 Nc6 8. d5 Ne5 9. Ng3 h5 10. Be2 h4 11. Nf1 e6 12. f4 Nxc4 13. Bxc4 b5 14. Bxb5 h3 15. gxh3 exd5 16. exd5 Rb8 17. Qe2 Bxh3 18. Ng3 Qa5 19. Bd2 a6 20. Bc6 Rxb2 21. Nd1 Qa3 22. Nxb2 Qxb2 23. Rc1 Ng4 24. Ne4 Bd4 25. Nc3 Nf2 26. Rf1 Bxf1 27. Kxf1 Ng4 28. Ne4 Nh6 29. Nxd6 Kh7 30. Nc4 Qxa2 31. d6 Nf5 32. d7 Bf6 33. Ne5 Nd4 34. Qg2 Bxe5 35. fxe5 Nxc6 36. Qxc6 Qxd2 37. Qxc5 Rd8 38. e6 Qf4+ 39. Kg2 Qg4+ 40. Kh1 Qe4+ 41. Kg1 Qxe6 42. Qc7 Rxd7 43. Qc8 Rd1+ 44. Kf2 Rd2+ 45. Kg3 Qe3+ 46. Kg4 f5+ 47. Kh4 Rxh2# 0-1


[Site "https://www.chess.com"]

[Event "Titled Tuesday Blitz March 22 Early 2022"]
[White "Mikhnenko, Alexander"]
[Black "Weetik, Vjacheslav"]
[WhiteFideId "34143014"]
[BlackFideId "4153472"]
[WhiteElo "2184"]
[BlackElo "2469"]
[Result "1/2-1/2"]
[Round "01"]
[TimeControl "180+1"]
[Date "2022.03.22"]
[WhiteClock "0:00:45"]
[BlackClock "0:01:51"]

1. e4 c6 2. d4 d5 3. Nc3 dxe4 4. Nxe4 Nf6 5. Nxf6+ exf6 6. c3 Bd6 7. Bd3 O-O 8. Qc2 Re8+ 9. Ne2 h5 10. Be3 Nd7 11. O-O h4 12. Bf4 Nf8 13. Qd2 h3 14. g3 Ng6 15. Bxd6 Qxd6 16. Nf4 Nxf4 17. Qxf4 Qxf4 18. gxf4 Be6 19. Rfe1 Bd5 20. Re3 Bg2 21. Bf1 Bxf1 22. Kxf1 g6 23. Rae1 Rxe3 24. Rxe3 Kg7 25. Rxh3 f5 26. Re3 Kf6 27. Kg2 Rd8 28. Re5 a6 29. a4 Rh8 30. Kg3 Rd8 31. a5 Rh8 32. h4 Rd8 33. Kf3 1/2-1/2


[Site "https://www.chess.com"]

[Event "Titled Tuesday Blitz March 22 Early 2022"]
[White "Milanovic, Marko"]
[Black "Xu, Yi"]
[WhiteFideId "980129"]
[BlackFideId "8605564"]
[WhiteElo "2159"]
[BlackElo "2471"]
[Result "0-1"]
[Round "01"]
[TimeControl "180+1"]
[Date "2022.03.22"]
[WhiteClock "0:00:12"]
[BlackClock "0:00:34"]

1. e4 c5 2. Nf3 d6 3. Bb5+ Nd7 4. d4 cxd4 5. Qxd4 Nf6 6. Nc3 a6 7. Bxd7+ Bxd7 8. Bg5 e6 9. O-O Be7 10. Bxf6 gxf6 11. Rfe1 Bc6 12. Rad1 Qa5 13. Nd5 Bxd5 14. exd5 e5 15. Qd3 O-O-O 16. Nh4 Kb8 17. Nf5 Bf8 18. a3 h5 19. b4 Qc7 20. c4 Bh6 21. Re2 h4 22. Rc2 h3 23. g3 Bf8 24. Rdc1 Qd7 25. Rd1 Rc8 26. Rdc1 Rh5 27. Ne3 f5 28. c5 f4 29. c6 Qe7 30. cxb7 Rxc2 31. Rxc2 Qxb7 32. Nc4 e4 33. Qxe4 Rxd5 34. Qe8+ Ka7 35. Rc1 Rd1+ 36. Rxd1 Qg2# 0-1


[Site "https://www.chess.com"]

[Event "Titled Tuesday Blitz March 22 Early 2022"]
[White "Moroni, Luca Jr"]
[Black "Batsiashvili, Nino"]
[WhiteFideId "865834"]
[BlackFideId "13602993"]
[WhiteElo "2573"]
[BlackElo "2192"]
[Result "1-0"]
[Round "01"]
[TimeControl "180+1"]
[Date "2022.03.22"]
[WhiteClock "0:00:31"]
[BlackClock "0:00:06"]

1. d4 d5 2. Bf4 e6 3. e3 Bd6 4. Nf3 Bxf4 5. exf4 c5 6. dxc5 Qc7 7. g3 Qxc5 8. Nbd2 Nf6 9. Bd3 O-O 10. O-O b6 11. Qe2 a5 12. Nb3 Qe7 13. Nbd4 Ba6 14. Ne5 Nfd7 15. Bxa6 Nxa6 16. Nxd7 Qxd7 17. Rad1 Rfc8 18. Rfe1 Nc5 19. c3 g6 20. h4 h5 21. Kg2 a4 22. a3 Qb7 23. Qe5 Ne4 24. f3 Nc5 25. Qg5 Qd7 26. f5 exf5 27. Re7 Qd8 28. Nxf5 Rc7 29. Rde1 Rac8 30. Qf6 Qf8 31. Nh6+ Qxh6 32. Qxf7+ Kh8 33. Re8+ Rxe8 34. Rxe8+ Qf8 35. Rxf8# 1-0


[Site "https://www.chess.com"]

[Event "Titled Tuesday Blitz March 22 Early 2022"]
[White "Namitbir Singh Walia"]
[Black "Rosen, Eric"]
[WhiteFideId "35071068"]
[BlackFideId "2032562"]
[WhiteElo "1565"]
[BlackElo "2362"]
[Result "1-0"]
[Round "01"]
[TimeControl "180+1"]
[Date "2022.03.22"]
[WhiteClock "0:00:18"]
[BlackClock "0:00:11"]

1. e4 e5 2. Nf3 Nf6 3. Nxe5 Nc6 4. Nxc6 dxc6 5. d3 Bc5 6. Be2 h5 7. h3 Qd4 8. Rf1 Qd6 9. c3 Qh2 10. Bf3 Be6 11. Qe2 O-O-O 12. d4 Be7 13. g3 h4 14. g4 Qxh3 15. Rh1 Qxh1+ 16. Bxh1 Bxg4 17. f3 Be6 18. Bf4 Nh5 19. Bh2 Ng3 20. Qg2 Bg5 21. Na3 Bf4 22. Kf2 Rh6 23. Qg1 f5 24. e5 c5 25. Nc2 cxd4 26. cxd4 c5 27. Rd1 c4 28. Qe1 Bd5 29. Ne3 Rb6 30. Qc3 Be6 31. Nxc4 Rc6 32. b3 b5 33. d5 Bxd5 34. Rxd5 Rxd5 35. Nb6+ Kb7 36. Qxc6+ Kxc6 37. Nxd5 Kxd5 38. Bg2 Kxe5 39. Bg1 g5 40. Ke1 a6 41. Bb6 g4 42. Bc7+ Kd4 43. Bxf4 Nh5 44. Bg5 h3 45. Bh1 g3 46. Kf1 g2+ 47. Bxg2 hxg2+ 48. Kxg2 Ng7 49. Bf6+ Kd3 50. Bxg7 Kc2 51. b4 Kb1 52. Bf8 Kxa2 53. Kg3 Kb3 54. Kf4 Ka4 55. Kxf5 a5 56. bxa5 Kxa5 57. Ke6 Kb6 58. Bd6 Ka5 59. f4 b4 60. f5 b3 61. Be5 Kb4 62. f6 Kc4 63. f7 b2 64. Bxb2 Kb3 65. f8=Q Kc2 66. Qb4 Kb1 67. Be5+ Ka2 68. Qb2# 1-0


[Site "https://www.chess.com"]

[Event "Titled Tuesday Blitz March 22 Early 2022"]
[White "Narayanan.S.L"]
[Black "Migot, Tangi"]
[WhiteFideId "5058422"]
[BlackFideId "662445"]
[WhiteElo "2494"]
[BlackElo "2504"]
[Result "1-0"]
[Round "01"]
[TimeControl "180+1"]
[Date "2022.03.22"]
[WhiteClock "0:01:06"]
[BlackClock "0:00:03"]

1. b3 d5 2. Bb2 Bf5 3. d3 e6 4. Nd2 Nd7 5. e4 Bg6 6. Ngf3 a5 7. a3 c6 8. g3 Ngf6 9. Qe2 Be7 10. Bg2 O-O 11. O-O b5 12. Nh4 Rc8 13. Nxg6 hxg6 14. Nf3 a4 15. b4 c5 16. bxc5 Nxc5 17. Nd4 Qd7 18. Rfe1 Rfe8 19. Rad1 Rb8 20. e5 Nh7 21. h4 b4 22. axb4 Rxb4 23. c3 Rb6 24. Ba3 Nb3 25. Nc2 Rc8 26. c4 Bxa3 27. Nxa3 d4 28. Nb5 Rxb5 29. cxb5 Qxb5 30. Qa2 Nf8 31. Re2 Nd7 32. Rc2 Ndc5 33. Rc4 Rb8 34. Qa3 Nxd3 35. Rxa4 Ndc5 36. Ra8 d3 37. Bf1 Rxa8 38. Qxa8+ Kh7 39. h5 gxh5 40. Qf3 g6 41. Qxf7+ Kh6 42. Qf8+ Kh7 43. Qe7+ Kh6 44. Qd8 Kh7 45. Bxd3 Nxd3 46. Rxd3 Nc5 47. Rf3 Qb1+ 48. Kh2 Qe4 49. Rf7+ 1-0


[Site "https://www.chess.com"]

[Event "Titled Tuesday Blitz March 22 Early 2022"]
[White "Nepomniachtchi, Ian"]
[Black "Demin, Vladimir"]
[WhiteFideId "4168119"]
[BlackFideId "4167457"]
[WhiteElo "2740"]
[BlackElo "2533"]
[Result "1-0"]
[Round "01"]
[TimeControl "180+1"]
[Date "2022.03.22"]
[WhiteClock "0:01:18"]
[BlackClock "0:00:03"]

1. e4 Nf6 2. e5 Nd5 3. d4 d6 4. Nf3 dxe5 5. Nxe5 g6 6. Be2 Bg7 7. O-O O-O 8. c4 Nb4 9. Nc3 c5 10. Be3 cxd4 11. Bxd4 Bf5 12. Nf3 N8c6 13. Bxg7 Kxg7 14. Nd5 e6 15. Ne3 Be4 16. Ng5 Qxg5 17. a3 Na6 18. b4 Rad8 19. Qe1 Nd4 20. f4 Qe7 21. Rd1 Nc2 22. Nxc2 Bxc2 23. Qc3+ Qf6 24. Qxc2 Nc7 25. g3 Rd4 26. Bf3 b6 27. c5 Nd5 28. Bxd5 exd5 29. Qf2 Rxd1 30. Rxd1 Rd8 31. Qd4 Qxd4+ 32. Rxd4 bxc5 33. bxc5 Kf6 34. Kf2 Ke6 35. Ra4 Rd7 36. Ke3 d4+ 37. Rxd4 Rb7 38. Rb4 Rd7 39. Ra4 Rb7 40. Ke4 Rd7 41. Ra6+ Ke7 42. c6 Rc7 43. Kd5 h5 44. Ra4 Rc8 45. Rxa7+ 1-0


[Site "https://www.chess.com"]

[Event "Titled Tuesday Blitz March 22 Early 2022"]
[White "Obolentseva, Alexandra"]
[Black "Gubanov, Oleg"]
[WhiteFideId "24153648"]
[BlackFideId "14115115"]
[WhiteElo "2113"]
[BlackElo "2080"]
[Result "0-1"]
[Round "01"]
[TimeControl "180+1"]
[Date "2022.03.22"]
[WhiteClock "0:00:53"]
[BlackClock "0:00:23"]

1. d4 b5 2. e4 Bb7 3. Bd3 Nf6 4. Nd2 c5 5. dxc5 Na6 6. Ngf3 Nxc5 7. O-O Nfxe4 8. Nxe4 Nxe4 9. Bxb5 a6 10. Bc4 d5 11. Bb3 Nc5 12. Re1 Nxb3 13. cxb3 e6 14. Bg5 Be7 15. Bxe7 Qxe7 16. Rc1 O-O 17. Qd4 Qd6 18. Qc5 Qxc5 19. Rxc5 Rfc8 20. Rec1 Rxc5 21. Rxc5 Rc8 22. Rxc8+ Bxc8 23. Kf1 f6 24. Ke2 e5 25. Ke3 Kf7 26. Nd2 Ke6 27. b4 Kd6 28. a4 d4+ 29. Kd3 Kd5 30. f3 f5 31. b3 Bd7 32. Nc4 e4+ 33. fxe4+ fxe4+ 34. Kd2 e3+ 35. Ke2 Bg4+ 36. Kd3 Bd1 37. Nb6+ Kc6 38. Nc8 Bxb3 39. Ne7+ Kd7 40. Nf5 Bc4+ 41. Kc2 d3+ 42. Kc3 e2 43. Kd2 g6 44. Ne3 Bb3 45. a5 Kc6 46. Ng4 Kb5 47. Ne5 Bc2 48. g4 Kxb4 49. h4 Kxa5 50. h5 gxh5 51. gxh5 Kb4 52. h6 a5 53. Nc6+ Kb5 54. Nd4+ Kc4 55. Nf3 a4 56. Ng5 e1=Q+ 57. Kxe1 Kc3 58. Nf3 a3 59. Kf2 a2 60. Ne1 d2 61. Nxc2 Kxc2 62. Kf3 d1=Q+ 63. Kf4 a1=Q 64. Kf5 0-1


[Site "https://www.chess.com"]

[Event "Titled Tuesday Blitz March 22 Early 2022"]
[White "Oganian, Miran"]
[Black "Kalogridis, Antonios"]
[WhiteFideId "4122488"]
[BlackFideId "25833901"]
[WhiteElo "2357"]
[BlackElo "1495"]
[Result "0-1"]
[Round "01"]
[TimeControl "180+1"]
[Date "2022.03.22"]
[WhiteClock "0:00:03"]
[BlackClock "0:00:16"]

1. e4 c6 2. d4 d5 3. f3 e6 4. Nc3 Nf6 5. e5 Nfd7 6. f4 c5 7. Nf3 Nc6 8. Be3 cxd4 9. Nxd4 Bc5 10. Qd2 O-O 11. O-O-O a6 12. Kb1 Nxd4 13. Bxd4 b5 14. f5 Bxd4 15. Qxd4 Qb6 16. Qf4 b4 17. Na4 Qc7 18. Re1 exf5 19. Bd3 g6 20. h4 Re8 21. h5 Rxe5 22. Qd4 Bb7 23. Rxe5 Nxe5 24. hxg6 fxg6 25. g4 Nxd3 26. Qxd3 Qc4 27. Qh3 h5 28. gxh5 Rc8 29. Qh2 d4 30. Nb6 Qxc2+ 31. Qxc2 Rxc2 32. Kxc2 Bxh1 33. hxg6 Be4+ 34. Kd2 Kg7 35. Nd7 Kxg6 36. Nc5 Kf6 0-1


[Site "https://www.chess.com"]

[Event "Titled Tuesday Blitz March 22 Early 2022"]
[White "Olsen, Filip Boe"]
[Black "Kollars, Dmitrij"]
[WhiteFideId "1440640"]
[BlackFideId "12909572"]
[WhiteElo "2188"]
[BlackElo "2584"]
[Result "0-1"]
[Round "01"]
[TimeControl "180+1"]
[Date "2022.03.22"]
[WhiteClock "0:00:03"]
[BlackClock "0:00:08"]

1. d4 d5 2. Nf3 c6 3. Bf4 Bg4 4. Ne5 Bf5 5. c4 Nd7 6. Nc3 Nxe5 7. Bxe5 e6 8. e3 Nf6 9. Bd3 Bxd3 10. Qxd3 Bb4 11. O-O O-O 12. a3 Bxc3 13. Bxf6 Qxf6 14. bxc3 Rac8 15. Rab1 Qe7 16. Rb3 Rfd8 17. Rfb1 b6 18. h3 c5 19. dxc5 Rxc5 20. cxd5 Rcxd5 21. Qe2 Rd2 22. Qf3 g6 23. c4 Rc2 24. Rd1 Rxc4 25. Rbd3 Rcc8 26. g3 Kg7 27. Qe4 Rxd3 28. Rxd3 Rc5 29. Qa8 Rc1+ 30. Kh2 Qf6 31. Kg2 Rc2 32. Qf3 Ra2 33. g4 Qxf3+ 34. Kxf3 Kf6 35. Kg3 b5 36. Kf3 a5 37. Rb3 g5 38. Kg3 h6 39. Kf3 a4 40. Rxb5 Rxa3 41. Ra5 Ra1 42. Kg2 a3 43. Kh2 Kg6 44. Kg2 h5 45. Kh2 h4 46. Kg2 f6 47. Ra7 f5 48. Ra6 fxg4 49. hxg4 Kf6 50. Kh2 a2 51. Ra5 e5 52. Kg2 Ke6 53. e4 Kd6 54. Kf3 Kc6 55. Kg2 Kb6 56. Ra8 Kc5 57. Ra5+ Kd4 58. Ra4+ Kd3 59. Ra3+ Kxe4 60. Ra4+ Kd3 61. Ra5 e4 62. Ra3+ Kd2 63. Ra4 h3+ 64. Kh2 Kd3 65. Ra3+ Ke2 66. Ra4 Kxf2 67. Rxe4 Rh1+ 0-1


[Site "https://www.chess.com"]

[Event "Titled Tuesday Blitz March 22 Early 2022"]
[White "Omariev, Maksim"]
[Black "Goriatchkin, Jouri"]
[WhiteFideId "4193423"]
[BlackFideId "4120183"]
[WhiteElo "2535"]
[BlackElo "1524"]
[Result "0-1"]
[Round "01"]
[TimeControl "180+1"]
[Date "2022.03.22"]
[WhiteClock "0:00:04"]
[BlackClock "0:00:13"]

1. g4 d5 2. Bg2 Bxg4 3. c4 c6 4. cxd5 cxd5 5. Qb3 Nc6 6. Bxd5 e6 7. Qxb7 exd5 8. Qxc6+ Bd7 9. Qxd5 Nf6 10. Qe5+ Be7 11. Nf3 Rc8 12. Nc3 O-O 13. d4 Bc6 14. Qg3 Bd6 15. Bf4 Bxf4 16. Qxf4 Qe7 17. Rg1 Kh8 18. O-O-O Bxf3 19. Qxf3 Qb4 20. Kb1 Rb8 21. b3 a5 22. Ka1 Rbc8 23. Na4 Rfd8 24. e4 Rxd4 25. Qe3 Rxd1+ 26. Rxd1 Qe7 27. e5 Ng4 28. Qe4 Nxe5 29. f4 Ng6 30. Qxe7 Nxe7 31. Rd7 Re8 32. Ra7 Ng6 33. Rxa5 Nxf4 34. Rf5 Nd3 35. Rxf7 Re1# 0-1


[Site "https://www.chess.com"]

[Event "Titled Tuesday Blitz March 22 Early 2022"]
[White "Omelja, Artem"]
[Black "Indjic, Aleksandar"]
[WhiteFideId "14119846"]
[BlackFideId "911925"]
[WhiteElo "2382"]
[BlackElo "2616"]
[Result "0-1"]
[Round "01"]
[TimeControl "180+1"]
[Date "2022.03.22"]
[WhiteClock "0:00:01"]
[BlackClock "0:02:18"]

1. d4 Nf6 2. c4 c5 3. d5 e6 4. Nc3 exd5 5. cxd5 d6 6. e4 g6 7. h3 Bg7 8. Nf3 O-O 9. Bd3 b5 10. Nxb5 Re8 11. O-O Nxe4 12. Bxe4 Rxe4 13. Bg5 Qd7 14. Qc2 Re8 15. Na3 Na6 16. Rfe1 Bb7 17. Rad1 Nb4 18. Qb3 Rxe1+ 19. Nxe1 Re8 20. Nf3 Qf5 21. Nb5 Bxd5 22. Qa3 Qd7 23. Nxa7 Bxf3 24. gxf3 Nc2 25. Qd3 Nd4 26. Nb5 Qxb5 0-1


[Site "https://www.chess.com"]

[Event "Titled Tuesday Blitz March 22 Early 2022"]
[White "Pajeken, Jakob Leon"]
[Black "Gulecyuz, Deniz"]
[WhiteFideId "12942839"]
[BlackFideId "30921341"]
[WhiteElo "2351"]
[BlackElo "1923"]
[Result "1-0"]
[Round "01"]
[TimeControl "180+1"]
[Date "2022.03.22"]
[WhiteClock "0:00:52"]
[BlackClock "0:00:01"]

1. d4 Nf6 2. Nf3 g6 3. c4 Bg7 4. g3 c5 5. d5 d6 6. Nc3 O-O 7. Bg2 Na6 8. O-O Rb8 9. h3 Nc7 10. a4 a6 11. a5 b5 12. axb6 Rxb6 13. e4 e6 14. Qc2 exd5 15. cxd5 Nb5 16. Bd2 Rb8 17. e5 Ne8 18. Nxb5 axb5 19. b4 Bf5 20. Qb2 dxe5 21. Nxe5 Qd6 22. Bc3 cxb4 23. Bd4 Nc7 24. g4 Bd7 25. Rfd1 Rfe8 26. f4 h5 27. Rac1 hxg4 28. hxg4 Na6 29. g5 1-0


[Site "https://www.chess.com"]

[Event "Titled Tuesday Blitz March 22 Early 2022"]
[White "Paravyan, David"]
[Black "Tomb, Maroun"]
[WhiteFideId "4194985"]
[BlackFideId "5300398"]
[WhiteElo "2569"]
[BlackElo "2496"]
[Result "1-0"]
[Round "01"]
[TimeControl "180+1"]
[Date "2022.03.22"]
[WhiteClock "0:00:15"]
[BlackClock "0:00:39"]

1. e4 d6 2. d4 Nf6 3. Nc3 e5 4. Nf3 Nbd7 5. Bc4 Be7 6. O-O c6 7. a4 Qc7 8. Re1 h6 9. a5 Nf8 10. Be3 Ng6 11. h3 O-O 12. Qd2 Kh7 13. Bb3 Nh5 14. d5 Nhf4 15. Ne2 Nxe2+ 16. Qxe2 c5 17. Nd2 f5 18. exf5 Bxf5 19. a6 b6 20. c3 Rf7 21. Bc4 Raf8 22. Bd3 Qc8 23. Bxf5 Qxf5 24. Qg4 h5 25. Qxf5 Rxf5 26. Ne4 Nf4 27. c4 Nd3 28. Re2 Nb4 29. Nc3 R8f7 30. Nb5 Bf8 31. Ra3 g5 32. Rb3 g4 33. hxg4 hxg4 34. Rxb4 cxb4 35. Bxb6 axb6 36. a7 Rxa7 37. Nxa7 b3 38. Re3 Rf4 39. Rxb3 Rxc4 40. g3 Rd4 41. Rb5 Kg6 42. Nc6 Rd1+ 43. Kg2 Kf5 44. Rxb6 Rxd5 45. Rb8 Bh6 46. Ne7+ Ke4 47. Nxd5 Kxd5 48. Rg8 Bc1 49. b3 e4 50. Rxg4 e3 51. fxe3 Bxe3 52. Kf3 Bb6 53. Rc4 Ke5 54. Re4+ Kf5 55. g4+ Kf6 56. Rf4+ Ke5 57. Rf5+ Ke6 58. Ke4 Bd8 59. Rd5 Bb6 60. b4 Bd8 61. b5 Bb6 62. g5 Bc7 63. g6 Kf6 64. b6 Bb8 65. Ra5 Kxg6 66. Kd5 Kf6 67. Ra8 1-0


[Site "https://www.chess.com"]

[Event "Titled Tuesday Blitz March 22 Early 2022"]
[White "Pinheiro, Iung Alicio de O."]
[Black "Harish, Neeraj"]
[WhiteFideId "2104350"]
[BlackFideId "30958130"]
[WhiteElo "2538"]
[BlackElo "1574"]
[Result "1-0"]
[Round "01"]
[TimeControl "180+1"]
[Date "2022.03.22"]
[WhiteClock "0:01:09"]
[BlackClock "0:00:10"]

1. c4 c5 2. g3 g6 3. Bg2 Bg7 4. Nc3 Nc6 5. a3 e6 6. b4 cxb4 7. axb4 Nxb4 8. Ba3 Nc6 9. Nb5 Bf8 10. Bd6 Bxd6 11. Nxd6+ Kf8 12. Nf3 Nf6 13. Ng5 Qe7 14. Ngxf7 Ne8 15. Nxe8 Kxf7 16. Nc7 Rb8 17. Nb5 a6 18. Nc3 b5 19. cxb5 axb5 20. Bxc6 dxc6 21. Ne4 Bb7 22. Ra7 Ra8 23. Rxb7 Qxb7 24. Nd6+ 1-0


[Site "https://www.chess.com"]

[Event "Titled Tuesday Blitz March 22 Early 2022"]
[White "Prohorov, Olexandr"]
[Black "Gabdrakhmanov, Azat"]
[WhiteFideId "14105578"]
[BlackFideId "34189197"]
[WhiteElo "1993"]
[BlackElo "2279"]
[Result "1/2-1/2"]
[Round "01"]
[TimeControl "180+1"]
[Date "2022.03.22"]
[WhiteClock "0:00:21"]
[BlackClock "0:00:17"]

1. e4 c5 2. c3 d5 3. exd5 Qxd5 4. d4 Nf6 5. Nf3 e6 6. Na3 a6 7. Nc4 Nbd7 8. Bd3 b5 9. Ne3 Qc6 10. O-O Bb7 11. Re1 Bd6 12. Qe2 O-O 13. a4 c4 14. Bc2 Rfe8 15. axb5 axb5 16. Rxa8 Bxa8 17. Bd2 e5 18. dxe5 Nxe5 19. Nd4 Qb7 20. Qf1 Neg4 21. h3 Nxe3 22. Rxe3 Rxe3 23. Bxe3 h6 24. Nf5 Bf8 25. f3 Qd7 26. Qf2 Nd5 27. Bc5 Nf4 28. Bxf8 Kxf8 29. Qc5+ Kg8 30. Qe3 Ne6 31. h4 h5 32. Kh1 g6 33. Ng3 Qe7 34. Kg1 Qxh4 35. Ne4 Qf4 36. Qxf4 Nxf4 37. Nd6 Bc6 38. Kf2 Nd5 39. Be4 b4 40. Nxc4 bxc3 41. bxc3 Kf8 42. Bxd5 Bxd5 43. Ne3 Be6 44. Ke2 Ke7 45. Kd3 Kd6 46. Kd4 h4 47. c4 f5 48. c5+ Kc6 49. Nc2 g5 50. Nb4+ Kb5 51. Nd5 Bd7 52. Nf6 Bc6 53. Ke5 g4 54. Kxf5 gxf3 55. gxf3 h3 56. Ng4 Bxf3 57. Nh2 Kxc5 58. Kf4 Kd4 59. Kg3 Bg2 60. Kf2 Ke4 61. Kg3 Ke3 62. Ng4+ Ke2 63. Nh2 Ke3 64. Ng4+ Ke4 65. Nh2 Kf5 66. Ng4 Bf1 67. Nh2 Kg5 68. Ng4 Be2 69. Nh2 Kf5 70. Kxh3 1/2-1/2


[Site "https://www.chess.com"]

[Event "Titled Tuesday Blitz March 22 Early 2022"]
[White "Przybylski, Wojciech"]
[Black "Svidler, Peter"]
[WhiteFideId "1117599"]
[BlackFideId "4102142"]
[WhiteElo "2133"]
[BlackElo "2725"]
[Result "1/2-1/2"]
[Round "01"]
[TimeControl "180+1"]
[Date "2022.03.22"]
[WhiteClock "0:00:14"]
[BlackClock "0:00:20"]

1. e4 c5 2. Nf3 d6 3. Bb5+ Nd7 4. O-O a6 5. Bd3 Ngf6 6. c3 b5 7. a4 c4 8. Bc2 Bb7 9. Re1 e6 10. d4 cxd3 11. Bxd3 Be7 12. axb5 axb5 13. Rxa8 Qxa8 14. Bxb5 Bxe4 15. Nbd2 Bc6 16. Bxc6 Qxc6 17. Nd4 Qb7 18. Qb3 Qxb3 19. N2xb3 Ne5 20. f4 Nd3 21. Rd1 Nxc1 22. Rxc1 Kd7 23. Ra1 Rc8 24. Ra7+ Rc7 25. Rxc7+ Kxc7 26. Kf2 d5 27. h3 Ne4+ 28. Ke3 Nd6 29. Nd2 Kd7 30. g4 f6 31. N4f3 Bd8 32. Kd3 Bc7 33. c4 Nxc4 34. Nxc4 dxc4+ 35. Ke4 Kd6 36. Kd4 Kc6 37. Ke4 Kc5 38. Nd4 f5+ 39. gxf5 exf5+ 40. Nxf5 g6 41. Nd4 Kb4 42. f5 gxf5+ 43. Nxf5 Kb3 44. Ne3 Bd8 45. Kd5 c3 46. bxc3 Kxc3 47. Ke4 Kd2 48. Kf3 Kd3 49. Ng4 Kd4 1/2-1/2


[Site "https://www.chess.com"]

[Event "Titled Tuesday Blitz March 22 Early 2022"]
[White "Quirke, Jeffrey"]
[Black "Milchev, Nikolay"]
[WhiteFideId "2013029"]
[BlackFideId "2906090"]
[WhiteElo "2223"]
[BlackElo "2449"]
[Result "0-1"]
[Round "01"]
[TimeControl "180+1"]
[Date "2022.03.22"]
[WhiteClock "0:00:04"]
[BlackClock "0:01:31"]

1. c4 e5 2. g3 Nc6 3. Bg2 Bc5 4. Nc3 a6 5. e3 d6 6. Nge2 Ba7 7. O-O h5 8. h4 g5 9. hxg5 Qxg5 10. Nd5 Qd8 11. d4 h4 12. b3 Nf6 13. gxh4 Ng4 14. Ng3 Qxh4 15. Re1 Nxf2 16. Kxf2 Rg8 17. Qf3 f5 18. Rh1 Qg5 19. Qh5+ Qxh5 20. Rxh5 exd4 21. exd4 Bxd4+ 22. Kf1 Bxa1 23. Nxc7+ Kd8 24. Nxa8 Rxg3 25. Bf4 Rg4 26. Bxd6 Be6 27. Nc7 Kd7 28. Bh2 Ne5 29. Rh7+ Bf7 30. Ne6 Kxe6 0-1


[Site "https://www.chess.com"]

[Event "Titled Tuesday Blitz March 22 Early 2022"]
[White "Rastbod, Ali"]
[Black "Khamdamova, Afruza"]
[WhiteFideId "12567477"]
[BlackFideId "14210444"]
[WhiteElo "2200"]
[BlackElo "1660"]
[Result "1-0"]
[Round "01"]
[TimeControl "180+1"]
[Date "2022.03.22"]
[WhiteClock "0:00:10"]
[BlackClock "0:00:01"]

1. c4 Nf6 2. Nc3 e6 3. e4 d5 4. e5 d4 5. exf6 dxc3 6. bxc3 Qxf6 7. d4 c5 8. Nf3 h6 9. Bd3 Nc6 10. Be4 cxd4 11. cxd4 Bb4+ 12. Bd2 Bxd2+ 13. Qxd2 O-O 14. O-O Rd8 15. Rfd1 Bd7 16. Qe3 Rac8 17. Rac1 b6 18. c5 bxc5 19. Rxc5 Ne7 20. Ne5 Rxc5 21. dxc5 Nc6 22. f4 Nxe5 23. fxe5 Qe7 24. Rd6 Bb5 25. Qd4 Rc8 26. a4 Be8 27. c6 Qc7 28. Qc5 Rb8 29. g3 Rb2 30. Qd4 Ra2 31. Rd8 Qe7 32. Qd6 Kf8 33. Qxe7+ Kxe7 34. c7 1-0


[Site "https://www.chess.com"]

[Event "Titled Tuesday Blitz March 22 Early 2022"]
[White "Rodrigue-Lemieux, Shawn"]
[Black "Guseva, Marina"]
[WhiteFideId "2620049"]
[BlackFideId "4149351"]
[WhiteElo "1763"]
[BlackElo "2160"]
[Result "1-0"]
[Round "01"]
[TimeControl "180+1"]
[Date "2022.03.22"]
[WhiteClock "0:01:33"]
[BlackClock "0:00:32"]

1. c4 Nf6 2. g3 c6 3. Nf3 d5 4. Bg2 dxc4 5. O-O Nbd7 6. a4 a5 7. Na3 Nb6 8. Qc2 g6 9. Nxc4 Nxc4 10. Qxc4 Bg7 11. d3 O-O 12. Qc2 Nd5 13. Bd2 e5 14. Rac1 Re8 15. Ng5 Bg4 16. Rfe1 Qd7 17. Ne4 Qe7 18. Qc5 Bf8 19. Qxe7 Bxe7 20. h3 Bc8 21. Nc3 Nb4 22. Ne4 Rd8 23. h4 f6 24. Be3 Kg7 25. Bc5 Bxc5 26. Nxc5 b6 27. Ne4 Bb7 28. Nd2 Rab8 29. Nc4 c5 30. Bxb7 Rxb7 31. f3 Kf7 32. Kf2 Ke6 33. h5 g5 34. h6 Nd5 35. g4 Rg8 36. Rh1 Rg6 37. Nd2 Rg8 38. Ne4 Rd8 39. Rxc5 Nb4 40. Rb5 Kf7 41. Rc1 Kg6 42. Ng3 Rxd3 43. Rxb4 1-0


[Site "https://www.chess.com"]